 Dungeon Crawl Stone Soup version 0.28.0-53-g5a82cb258f (webtiles) character file.

Game seed: 13777410098379843761

494292 jjjjhere the Slayer (level 23, -6/175 (186) HPs)
             Began as a Demonspawn Fighter on July 16, 2022.
             Was the Champion of Makhleb.
             Killed from afar by a Hell Sentinel (46 damage)
             ... with damnation
             ... on level 1 of the Abyss on July 19, 2022.
             The game lasted 02:06:47 (65602 turns).

jjjjhere the Slayer (Demonspawn Fighter)           Turns: 65602, Time: 02:06:48

HP:   -6/175 (186)  AC: 42    Str: 24 (25) XL:     23   Next: 64%
MP:   35/35         EV: 17    Int: 10      God:    Makhleb [******]
Gold: 8020          SH: 16    Dex: 19      Spells: 22/22 levels left

rFire   + + .      SeeInvis .   x - +18 lance "Wyrmbane" {slay drac, rPois rF+ rC+ AC+3}
rCold   + + +      Faith    .   Z - +2 kite shield {AC+3}
rNeg    + . .      Spirit   .   y - +7 gold dragon scales
rPois   +          Reflect  .   c - +2 hat of Tenacity {rN+ Dex+4}
rElec   .          Harm     .   V - +0 cloak
rCorr   .          Rampage  .   (gloves unavailable)
Will    ++...                   h - +2 pair of boots
Stlth   ..........              L - amulet of regeneration
HPRegen 1.19/turn               o - +4 ring of evasion
MPRegen 0.24/turn               k - ring of the Twisting Queen {rC+ Will+}

@: mighty, studying Spellcasting, drained
A: foul stench 3, powered by pain 3, black mark, sturdy frame 3, bedeviling,
demonic touch 3, frail 1, [deterioration 2]
}: 3/15 runes: decaying, silver, gossamer
a: Renounce Religion, Minor Destruction, Lesser Servant of Makhleb, Major
Destruction, Greater Servant of Makhleb


You were on level 1 of the Abyss.
You worshipped Makhleb.
Makhleb was exalted by your worship.
You visited 8 branches of the dungeon, and saw 41 of its levels.
You visited the Abyss 2 times.
You also visited: Wizlab.

You collected 8515 gold pieces.
You spent 495 gold pieces at shops.

Inventory:

Hand Weapons
 x - the +18 lance "Wyrmbane" (weapon) {slay drac, rPois rF+ rC+ AC+3}
   (You found it on level 10 of the Dungeon)

   It inflicts extra damage against dragons and draconians.
   AC:        It affects your AC (+3).
   rF:        It protects you from fire.
   rC:        It protects you from cold.
   rPois:     It protects you from poison.
Missiles
 a - 5 throwing nets
 n - 15 javelins
 J - 14 silver javelins (quivered)
 P - 3 boomerangs
Armour
 c - the +2 hat of Tenacity (worn) {rN+ Dex+4}
   (You acquired it on level 1 of the Spider Nest)

   Dex:       It affects your dexterity (+4).
   rN:        It protects you from negative energy.
 h - a +2 pair of boots (worn)
 y - +7 gold dragon scales (worn)
 V - a +0 cloak (worn)
 Z - a +2 kite shield of protection (worn)
Jewellery
 k - the ring of the Twisting Queen (right hand) {rC+ Will+}
   (You found it on level 5 of the Vaults)

   [ring of willpower]

   rC:        It protects you from cold.
   Will:      It increases your willpower.
 o - a +4 ring of evasion (left hand)
 q - a ring of resist corrosion
 E - the ring "Ixkojul" {rC+ Dex+6}
   (You took it off a vault warden on level 5 of the Vaults)

   [ring of protection from cold]

   Dex:       It affects your dexterity (+6).
   rC:        It protects you from cold.
 K - a +4 ring of evasion
 L - an amulet of regeneration (around neck)
 N - a ring of positive energy
 S - a ring of willpower
 T - the ring "Jaromeym" {rElec rF+++ Will+ Str-3 SInv}
   (You took it off a fire giant on level 5 of the Vaults)

   [ring of see invisible]

   Str:       It affects your strength (-3).
   rF:        It renders you almost immune to fire.
   rElec:     It insulates you from electricity.
   SInv:      It lets you see invisible.
   Will:      It increases your willpower.
 U - a +4 ring of evasion
 W - a +4 ring of slaying
Wands
 p - a wand of charming (2)
 u - a wand of acid (21)
 w - a wand of flame (44)
 B - a wand of paralysis (26)
 G - a wand of mindburst (8)
 I - a wand of iceblast (14)
Scrolls
 e - 6 scrolls of fog
 f - 8 scrolls of teleportation
 g - 6 scrolls of immolation
 m - 9 scrolls of amnesia
 r - 3 scrolls of magic mapping
 v - 6 scrolls of blinking
 F - 3 scrolls of enchant weapon
 M - 3 scrolls of fear
 O - 4 scrolls of silence
Potions
 b - 2 potions of resistance
 d - 4 potions of brilliance
 i - 24 potions of curing
 j - 4 potions of mutation
 l - 2 potions of invisibility
 s - 5 potions of flight
 t - 6 potions of ambrosia
 z - a potion of berserk rage
 A - 4 potions of heal wounds
 C - 9 potions of attraction
 D - 2 potions of might
 Q - a potion of cancellation
 X - 5 potions of haste
 Y - 3 potions of magic
Miscellaneous
 H - a phantom mirror
 R - a condenser vane


   Skills:
 + Level 23.4 Fighting
 - Level 12.2(13.4) Axes
 - Level 9.2(12.0) Polearms
 + Level 12.0 Throwing
 + Level 17.9 Armour
 - Level 10.3 Dodging
 - Level 14.2 Shields
 - Level 16.6 Invocations
 - Level 8.0 Evocations


You had 22 spell levels left.
You didn't know any spells.
Your spell library contained the following spells:

 Spells                   Type           Power      Damage    Failure   Level
 Apportation              Tloc           0%         N/A       98%         1
 Shock                    Conj/Air       0%         1d3       98%         1
 Slow                     Hex            0%         N/A       98%         1
 Sting                    Tmut/Pois      0%         1d3       98%         1
 Ensorcelled Hibernation  Hex/Ice        0%         N/A       99%         2
 Passwall                 Tmut/Erth      0%         N/A       99%         2
 Poisonous Vapours        Pois/Air       0%         N/A       99%         2
 Static Discharge         Conj/Air       0%         N/A       99%         2
 Sublimation of Blood     Necr           0%         N/A       99%         2
 Confusing Touch          Hex            0%         N/A       100%        3
 Dazzling Flash           Conj/Hex       0%         N/A       100%        3
 Inner Flame              Hex/Fire       0%         N/A       100%        3
 Ozocubu's Armour         Ice            0%         N/A       100%        3
 Summon Guardian Golem    Hex/Summ       0%         N/A       100%        3
 Swiftness                Air            0%         N/A       100%        3
 Tukima's Dance           Hex            0%         N/A       100%        3
 Vampiric Draining        Necr           0%         2d6       100%        3
 Airstrike                Air            0%         N/A       100%        4
 Cause Fear               Hex            0%         N/A       100%        4
 Dispel Undead            Necr           0%         3d6       100%        4
 Iskenderun's Mystic Bla  Conj/Tloc      0%         2d3       100%        4
 Olgreb's Toxic Radiance  Pois           0%         N/A       100%        4
 Passage of Golubria      Tloc           0%         N/A       100%        4
 Petrify                  Tmut/Erth      0%         N/A       100%        4
 Sticky Flame             Conj/Fire      0%         2d3       100%        4
 Alistair's Intoxication  Tmut/Pois      0%         N/A       100%        5
 Blade Hands              Tmut           0%         N/A       100%        5
 Borgnjor's Vile Clutch   Necr/Erth      0%         N/A       100%        5
 Irradiate                Conj/Tmut      0%         3d14      100%        5
 Iskenderun's Battlesphe  Conj           0%         2d6       100%        5
 Yara's Violent Unravell  Hex/Tmut       0%         3d3       100%        5
 Eringya's Noxious Bog    Tmut/Pois      0%         N/A       100%        6
 Iron Shot                Conj/Erth      0%         9d1       100%        6
 Starburst                Conj/Fire      0%         6d3       100%        6
 Dragon Form              Tmut           0%         N/A       100%        7
 Enfeeble                 Hex            0%         N/A       100%        7
 Orb of Destruction       Conj           0%         9d5       100%        7
 Ozocubu's Refrigeration  Ice            0%         4d5       100%        7
 Spellforged Servitor     Conj/Summ      0%         N/A       100%        7
 Discord                  Hex            0%         N/A       100%        8


Dungeon Overview and Level Annotations

Branches:
Dungeon (15/15)            Temple (1/1) D:7            Lair (6/6) D:11
  Swamp (4/4) Lair:3       Spider (4/4) Lair:3        Slime (0/5) Lair:6
    Orc (2/2) D:12            Elf (0/3) Orc:2        Vaults (5/5) D:14
  Crypt (0/3) Vaults:3     Depths (4/4) D:15            Zot (0/5) Depths:4
 WizLab (visited)

Altars:
Ashenzari
Cheibriados
Dithmenos
Elyvilon
Fedhas
Gozag
Hepliaklqana
Kikubaaqudgha
Makhleb
Nemelex Xobeh
Okawaru
Qazlal
Ru
Sif Muna
Trog
Uskayaw
Vehumet
Wu Jian
Xom
Yredelemnul
Zin
The Shining One
Beogh

Shops:
Orc:2 ([(   Vaults:4 ?   Vaults:5 !   Depths:1 *[((   Depths:3 !   Depths:4 ((=

Portals:
Hell: Depths:1 Depths:2 Depths:3 Depths:4
Abyss: Depths:3 Depths:4
Pandemonium: Depths:2 Depths:3
Ziggurat: Depths:4
Trove: Vaults:4 (show abyssal rune of Zot)

Annotations:
D:2 1 runed translucent door, Crazy Yiuf
Swamp:2 3 runed translucent doors, swinepaste's ghost, journeyman DsMo
Swamp:3 Roxanne
Depths:3 exclusion: downstairs


Innate Abilities, Weirdness & Mutations

You frequently emit foul miasma when damaged in melee.
You are powered by pain.
Your melee attacks may debilitate your foes.
Your movements are significantly less encumbered by armour. (ER -6)
Your hexes are more powerful.
Your touch may irresistibly damage your foes and sap their willpower.
You are frail. (-10% HP)
[Your body often deteriorates upon taking damage.]


Message History

A white imp comes into view.
The Hell Sentinel completely misses you.
The Hell Sentinel hits you.
* * * LOW HITPOINT WARNING * * *
You impale the Hell Sentinel!!
The Hell Sentinel is heavily wounded.
Your ynoxinul hits the Hell Sentinel but does no damage.
You hit the Hell Sentinel but do no damage.
The Hell Sentinel is heavily wounded.
Your ufetubus completely misses the Hell Sentinel.
Your ufetubus hits the Hell Sentinel but does no damage.
The white imp gestures at you. The puff of frost hits your ynoxinul.
Your ynoxinul resists.
The Hell Sentinel hits you but does no damage.
The Hell Sentinel hits you!
* * * LOW HITPOINT WARNING * * *
You puncture the Hell Sentinel!
The Hell Sentinel is heavily wounded.
Your ufetubus barely misses the Hell Sentinel.
Your ufetubus hits the Hell Sentinel but does no damage.
Your ynoxinul gestures.
You puncture the Hell Sentinel!
The Hell Sentinel is heavily wounded.
Your ufetubus hits the Hell Sentinel but does no damage. x3
Your ufetubus hits the Hell Sentinel.
The Hell Sentinel closely misses your ufetubus.
The Hell Sentinel hits your ufetubus!
Your ufetubus dies!
Your ufetubus disappears in a puff of smoke!
You puncture the Hell Sentinel!
The Hell Sentinel is severely wounded.
Your ufetubus hits the Hell Sentinel but does no damage. x2
An ancient zyme comes into view.
The Hell Sentinel gestures at your ufetubus.
The sphere of damnation explodes!
The damnation engulfs your ufetubus!!!
Your ufetubus dies!
Your ufetubus disappears in a puff of smoke!
The damnation engulfs you!!!
You die...

≈♣≈≈≈.# ≈≈≈x.≈.#
#.≈..≈.####
####.≈5≈≈.#..#
#..#≈≈55≈....
#.#≈≈5.≈≈.## #.
#.....3≈≈..# #
#....§≈≈# #
#..##..@1≈≈#
#.#....§≈≈≈#.
#.###...≈≈≈..≈...
#..#......≈..≈≈ #
# .
#..#....≈≈#..≈# #
#.#......≈###≈..
## ##.#......#
.≈≈≈.. . #.
##....... ≈ ≈ . #
# .... ≈≈. # #.


You could see a Hell Sentinel (unaware), an ancient zyme, a white imp (ally
target), a friendly ynoxinul (summoned) and 3 friendly ufetubi.

Vanquished Creatures
  An ancient lich (Abyss:3)
  Mara (Depths:2)
  A juggernaut (Depths:3)
  Boris (Vaults:2)
  A caustic shrike (Depths:3)
  5 golden dragons
  2 bone dragons
  2 tentacled monstrosities
  A lich (Vaults:5)
  A quicksilver dragon (Vaults:5)
  5 titans (Vaults:5)
  5 sphinxes
  Agnes (Lair:3)
  4 tentacled starspawn
  Gastronok (Lair:1)
  The ghost of DarkTechnomancer the Spry, an adept KoEE of Vehumet (Spider:2)
  9 shadow dragons
  2 storm dragons
  5 tengu reavers
  Donald (Spider:1)
  A thorn hunter (Swamp:4)
  A draconian monk (Depths:4)
  9 fire giants
  11 vault wardens
  2 frost giants
  2 orc warlords
  8 emperor scorpions
  2 iron dragons
  Aizul (Lair:3)
  A balrug (D:15)
  A draconian stormcaller (Depths:4)
  3 ghost moths
  A ghoul (Swamp:3)
  7 war gargoyles
  3 spriggan defenders
  A reaper (Depths:1)
  8 very ugly things
  10 stone giants
  17 ironbound preservers
  7 ironbound thunderhulks
  A caustic shrike skeleton (Depths:2)
  2 vampire knights
  A deep elf demonologist (Vaults:2)
  4 eleionomae
  An orange crystal statue (WizLab)
  4 white draconians (Depths:4)
  A yellow draconian (Depths:4)
  5 entropy weavers
  A deep elf annihilator (Vaults:5)
  5 dire elephants
  An eleionoma (shapeshifter) (Vaults:5)
  A red draconian (Depths:4)
  Azrael (D:12)
  3 bunyips
  6 spark wasps
  2 deep elf death magi (Vaults:5)
  10 ettins
  3 crystal guardians
  6 fire dragons
  3 shambling mangroves
  A merfolk javelineer (Depths:3)
  7 great orbs of eyes
  4 deep elf high priests
  Josephine (Lair:5)
  16 yaktaur captains
  A rakshasa (Depths:1)
  3 peacekeepers
  34 hydras
  8 ice dragons
  32 vault guards
  A salamander tyrant (Depths:3)
  7 boulder beetles
  6 ironbound frosthearts
  A ghost crab (Swamp:3)
  A juggernaut simulacrum (Abyss:3)
  A death knight (D:12)
  3 jorogumos (Spider:3)
  2 radroaches
  21 centaur warriors
  2 spriggan air magi (Depths:4)
  5 alligators
  4 two-headed ogres
  10 death scarabs
  9 deep troll earth magi
  8 tengu warriors
  7 deep troll shamans
  5 spriggan berserkers
  10 death yaks
  2 hell hogs (Abyss:3)
  2 thrashing horrors
  Urug (D:10)
  5 orc high priests
  3 vampire magi
  Nergalle (Orc:1)
  A deep elf knight (Vaults:2)
  5 sun demons
  9 hell knights
  3 soul eaters
  5 spriggans
  4 wretched stars
  2 salamander mystics (Depths:3)
  An orb spider (shapeshifter) (Depths:3)
  6 iron trolls
  7 pharaoh ants
  4 goliath frogs
  3 steelbarb worms
  53 deep trolls
  4 skeletal warriors
  A spatial maelstrom (Abyss:3)
  3 spriggan druids
  8 glowing orange brains
  2 flayed ghosts (Depths:3)
  14 bog bodies
  11 swamp dragons
  2 deep elf archers
  4 orb spiders
  11 wizards
  A spectral wolf spider (Spider:4)
  15 ironbound convokers
  6 lindwurms
  A deep elf zephyrmancer (Vaults:2)
  5 phantasmal warriors
  2 necromancers
  2 wolf spider zombies (Spider:4)
  10 orc knights
  A sphinx zombie (Vaults:3)
  A mana viper (shapeshifter) (Depths:3)
  4 harpies (Vaults:3)
  4 orc sorcerers
  63 ugly things
  5 deep elf pyromancers
  A worldbinder (Abyss:3)
  5 will-o-the-wisps
  5 manticores
  6 moths of wrath
  7 cyclopes
  9 elephants
  18 wolf spiders
  10 salamanders
  A frost giant skeleton (Depths:2)
  5 black mambas
  2 elf zombies (Vaults:3)
  21 vault sentinels
  An elephant (shapeshifter) (Depths:4)
  An orange demon (Abyss:1)
  A black mamba (shapeshifter) (Depths:1)
  An apocalypse crab (Abyss:3)
  2 smoke demons (Depths:1)
  4 torpor snails
  29 cane toads
  29 yaktaurs
  2 unseen horrors
  Psyche (D:10)
  7 komodo dragons
  7 rime drakes
  A rime drake (shapeshifter) (D:13)
  2 efreet (D:14)
  10 demonic crawlers
  2 freezing wraiths
  6 tengu conjurers
  5 spectral redbacks (Spider:4)
  An unseen horror (shapeshifter) (Vaults:5)
  A redback zombie (Spider:4)
  An ancient zyme (Abyss:3)
  3 trolls
  A shadow dragon simulacrum (Depths:2)
  A tarantella (shapeshifter) (Vaults:4)
  A merfolk (D:10)
  2 spectral jumping spiders (Spider:4)
  24 slime creatures
  25 tarantellas
  11 hornets
  A spectral culicivora (Spider:4)
  A polar bear (Lair:5)
  11 tyrant leeches
  9 meliai
  2 jumping spider zombies (Spider:4)
  A dream sheep (shapeshifter) (Vaults:3)
  4 raiju (Abyss:3)
  41 blink frogs
  3 tarantella zombies (Spider:4)
  3 spectral tarantellas (Spider:4)
  7 dream sheep (Lair:5)
  A meliai zombie (D:10)
  A frost giant simulacrum (Depths:2)
  Sigmund (D:3)
  6 wraiths
  26 jumping spiders
  3 starcursed masses (Abyss:3)
  23 culicivoras
  11 wyverns
  5 water elementals
  4 vampires
  46 yaks
  A fire elemental (D:12)
  A steam dragon (D:6)
  7 basilisks
  16 vampire mosquitoes
  2 neqoxecs
  A human simulacrum (Vaults:3)
  71 redbacks
  A spatial vortex (Abyss:3)
  12 wargs
  13 swamp worms
  2 acid dragons (D:11)
  18 water moccasins
  4 hell hounds
  34 orc warriors
  8 swamp drakes
  3 black bears
  A sky beast (D:6)
  3 boggarts (D:11)
  5 necrophages
  16 wolves
  2 large abominations
  8 centaurs
  A tengu (shapeshifter) (Depths:1)
  10 ogres
  3 phantoms
  7 small abominations
  3 kobold brigands
  14 bullfrogs
  A gnoll sergeant (D:10)
  2 scorpions
  A wyvern zombie (D:6)
  4 killer bees (D:8)
  A howler monkey (D:10)
  12 electric eels
  5 centaur zombies
  2 jellies
  3 hounds
  24 orc priests
  2 bullfrog skeletons
  14 hell rats
  3 iguanas
  43 orc wizards
  2 killer bee zombies
  7 gnolls
  7 adders
  2 white imps (D:7)
  2 adder skeletons (D:4)
  2 worms
  A dart slug (D:1)
  94 orcs
  8 ball pythons
  2 endoplasms
  5 giant cockroaches
  5 goblins
  6 hobgoblins
  20 kobolds
  3 quokkas
  8 bats
  5 frilled lizards
  2 rats
  2 starspawn tentacles
1763 creatures vanquished.

Vanquished Creatures (collateral kills)
  the Enchantress (Depths:1)
  Rupert (Spider:1)
  An orc warlord (Orc:1)
  An emperor scorpion (Spider:3)
  2 spriggan defenders (Depths:1)
  3 stone giants
  An eleionoma (Swamp:4)
  An entropy weaver (Spider:3)
  A yaktaur captain (Vaults:5)
  A vault guard (Vaults:5)
  A spriggan air mage (Depths:1)
  2 spriggan berserkers (Depths:1)
  A skeletal warrior (D:12)
  A steelbarb worm (Spider:3)
  An orc sorcerer (Orc:1)
  A tarantella (Spider:3)
  A hornet (Depths:1)
  2 spriggans (Depths:1)
  A redback (Spider:3)
  An orc warrior (Orc:1)
  An orc wizard (D:12)
  2 orcs
28 creatures vanquished.

Vanquished Creatures (others)
  A dread lich (Vaults:5)
  A deep elf zephyrmancer (Vaults:5)
  A slime creature (D:12)
  An orc (Orc:2)
  16 bushes
  A butterfly (Depths:1)
  48 foxfires
  54 fungi
  151 plants
  10 starspawn tentacles
  3 toadstools (D:13)
287 creatures vanquished.

Grand Total: 2078 creatures vanquished

Notes
Turn   | Place    | Note
-------+----------+-------------------------------------------
     0 | D:1      | jjjjhere the Demonspawn Fighter began the quest for the
                  | Orb.
     0 | D:1      | Reached XP level 1. HP: 18/18 MP: 1/1
   254 | D:1      | Gained mutation: You may rarely emit foul miasma when
                  | damaged in melee. [demonic ancestry]
   254 | D:1      | Reached XP level 2. HP: 23/24 MP: 2/2
   947 | D:2      | Reached XP level 3. HP: 28/29 MP: 3/3
  1158 | D:2      | Found a runed translucent door.
  1159 | D:2      | Noticed Crazy Yiuf
  1899 | D:3      | Noticed Sigmund
  1912 | D:3      | Killed Sigmund
  1913 | D:3      | Reached skill level 4 in Fighting
  1913 | D:3      | Gained mutation: Your touch may inflict minor irresistible
                  | damage on your foes. [demonic ancestry]
  1913 | D:3      | Reached XP level 4. HP: 25/37 MP: 4/4
  1913 | D:3      | Gained mutation: You sometimes emit foul miasma when
                  | damaged in melee. [demonic ancestry]
  1913 | D:3      | Reached XP level 5. HP: 29/42 MP: 5/5
  2553 | D:3      | Gained mutation: Your touch may inflict irresistible damage
                  | on your foes. [demonic ancestry]
  2553 | D:3      | Reached XP level 6. HP: 42/48 MP: 6/6
  2924 | D:4      | Reached skill level 5 in Axes
  3538 | D:5      | Entered Level 5 of the Dungeon
  3804 | D:5      | Reached XP level 7. HP: 50/55 MP: 7/7
  4324 | D:5      | Reached skill level 5 in Fighting
  4927 | D:6      | Reached XP level 8. HP: 63/63 MP: 8/8
  5040 | D:6      | Reached skill level 6 in Fighting
  5219 | D:6      | Identified the +1 pair of gloves of Lilacs {Harm +Blink
                  | Str+3}
  5507 | D:6      | HP: 7/65 [steam dragon/ball of steam (24)]
  5508 | D:6      | HP: 2/65 [steam dragon] (5)]
  5514 | D:6      | HP: 2/65 [steam dragon] (8)]
  6033 | D:6      | Found an ancient bone altar of Kikubaaqudgha.
  6440 | D:7      | Found a staircase to the Ecumenical Temple.
  6485 | Temple   | Entered the Ecumenical Temple
  6679 | Temple   | Became a worshipper of Makhleb the Destroyer
  7075 | D:7      | Reached skill level 7 in Fighting
  7075 | D:7      | Reached XP level 9. HP: 72/72 MP: 9/9
  8330 | D:8      | HP: 23/72 [poisoned by a killer bee]
  8742 | D:8      | Reached * piety under Makhleb
  8743 | D:8      | Reached skill level 10 in Axes
  8746 | D:8      | Reached skill level 8 in Fighting
  9396 | D:9      | HP: 24/75 [poisoned by an orc warrior]
  9401 | D:9      | HP: 20/75 [poisoned by an orc warrior]
  9861 | D:9      | Gained mutation: You frequently emit foul miasma when
                  | damaged in melee. [demonic ancestry]
  9861 | D:9      | Reached XP level 10. HP: 66/82 MP: 10/10
  9899 | D:9      | HP: 24/82 [yak (9)]
  9909 | D:9      | HP: 13/82 [yak (12)]
  9910 | D:9      | HP: 4/82 [yak (9)]
 10444 | D:9      | Reached skill level 9 in Fighting
 11058 | D:10     | Entered Level 10 of the Dungeon
 11370 | D:10     | Reached ** piety under Makhleb
 11468 | D:10     | Noticed a two-headed ogre
 11485 | D:10     | a two-headed ogre changed into a merfolk
 11494 | D:10     | Reached skill level 1 in Invocations
 11676 | D:10     | Noticed Maggie
 11680 | D:10     | Noticed Maggie
 11680 | D:10     | Maggie changed into Maggie the black bear
 11684 | D:10     | Killed Maggie the black bear
 11838 | D:10     | Noticed Psyche
 11845 | D:10     | Killed Psyche
 11846 | D:10     | Reached skill level 1 in Polearms
 11881 | D:10     | Noticed a manticore
 12304 | D:10     | Noticed Urug
 12319 | D:10     | HP: 22/77 [Urug/+2 long sword of draining (7)]
 12320 | D:10     | Killed Urug
 12337 | D:10     | HP: 27/85 [meliai zombie (4)]
 12956 | D:10     | Killed a manticore
 12957 | D:10     | Reached skill level 10 in Fighting
 12957 | D:10     | Gained mutation: Your movements are slightly less
                  | encumbered by armour. (ER -2) [demonic ancestry]
 12957 | D:10     | Reached XP level 11. HP: 64/90 MP: 12/14
 13691 | D:11     | Noticed a two-headed ogre
 14164 | D:11     | Reached skill level 5 in Invocations
 14178 | D:11     | Found a staircase to the Lair.
 14297 | D:11     | Noticed a death knight
 14302 | D:11     | Noticed a two-headed ogre
 14421 | Lair:1   | Entered Level 1 of the Lair of Beasts
 14484 | Lair:1   | Noticed Gastronok
 14505 | Lair:1   | Killed Gastronok
 14986 | Lair:1   | Reached skill level 5 in Polearms
 15727 | Lair:2   | Noticed a five-headed hydra
 15747 | Lair:2   | Killed a five-headed hydra
 15939 | Lair:2   | Reached *** piety under Makhleb
 15940 | Lair:2   | Gained mutation: Your movements are less encumbered by
                  | armour. (ER -4) [demonic ancestry]
 15940 | Lair:2   | Reached XP level 12. HP: 97/97 MP: 19/19
 15957 | Lair:2   | Reached skill level 10 in Invocations
 16660 | Lair:3   | Noticed a seven-headed hydra
 16671 | Lair:3   | Killed a seven-headed hydra
 16808 | Lair:3   | Noticed a four-headed hydra
 16847 | Lair:3   | Killed a four-headed hydra
 16924 | Lair:3   | Found a staircase to the Swamp.
 17721 | Lair:3   | Found a hole to the Spider Nest.
 17767 | Lair:3   | Reached **** piety under Makhleb
 18032 | Lair:4   | Noticed a six-headed hydra
 18041 | Lair:4   | Killed a six-headed hydra
 19203 | Lair:3   | Reached skill level 11 in Fighting
 19644 | Lair:4   | Reached XP level 13. HP: 53/106 MP: 22/22
 20008 | Lair:4   | Reached skill level 5 in Armour
 20772 | Lair:5   | Reached ***** piety under Makhleb
 21019 | Lair:5   | Reached skill level 12 in Fighting
 21514 | Lair:5   | Noticed Josephine
 21527 | Lair:5   | Killed Josephine
 21838 | Lair:6   | Entered Level 6 of the Lair of Beasts
 21975 | Lair:6   | Reached skill level 1 in Dodging
 22260 | Lair:6   | Reached skill level 13 in Fighting
 22588 | Lair:5   | Reached XP level 14. HP: 91/118 MP: 23/23
 23459 | Lair:6   | Reached ****** piety under Makhleb
 23482 | Lair:6   | Found a staircase to the Slime Pits.
 23975 | Lair:6   | Reached skill level 5 in Dodging
 24287 | Lair:6   | Reached skill level 14 in Fighting
 24645 | Lair:6   | Identified the +1 leather armour "Boog" {Str+3}
 26353 | D:12     | Reached skill level 10 in Armour
 26974 | D:12     | Found a staircase to the Orcish Mines.
 26983 | D:12     | Noticed Azrael
 27013 | D:12     | Killed Azrael
 27028 | D:11     | Reached XP level 15. HP: 51/127 MP: 24/24
 27030 | D:11     | HP: 41/127 [something (5)]
 27049 | D:11     | HP: 29/127 [something (16)]
 27405 | Orc:1    | Entered Level 1 of the Orcish Mines
 27431 | Orc:2    | Entered Level 2 of the Orcish Mines
 28091 | Orc:2    | Found Teatei's Book Emporium.
 28091 | Orc:2    | Found Eriam's Antique Weapon Emporium.
 28092 | Orc:2    | Found Deiwuvem's Weapon Shoppe.
 28096 | Orc:2    | Found Ycusibur's Armour Shoppe.
 28123 | Orc:2    | Found a staircase to the Elven Halls.
 28633 | Orc:1    | Reached skill level 15 in Fighting
 28966 | Orc:1    | Noticed an orc warlord
 29122 | Orc:1    | Noticed Nergalle
 29133 | Orc:1    | Killed Nergalle
 29584 | Orc:1    | Killed an orc warlord
 31774 | D:14     | Found a gate to the Vaults.
 32122 | D:15     | Entered Level 15 of the Dungeon
 32560 | D:15     | Found a staircase to the Depths.
 32620 | D:15     | Found a hazy altar of Hepliaklqana.
 32802 | D:15     | Reached skill level 16 in Fighting
 32802 | D:15     | Gained mutation: Your touch may irresistibly damage your
                  | foes and sap their willpower. [demonic ancestry]
 32802 | D:15     | Reached XP level 16. HP: 133/138 MP: 25/25
 33168 | Depths:1 | Entered Level 1 of the Depths
 33234 | Depths:1 | Found Gerchocil's Weapon Shop.
 33234 | Depths:1 | Found Xeciczie's Assorted Antiques.
 33235 | Depths:1 | Found Reapio's Antique Armour Boutique.
 33398 | Depths:1 | Found Bul Haif's Weapon Shop.
 33561 | D:15     | HP: 44/138 [sun demon (6)]
 33669 | D:15     | Reached skill level 10 in Dodging
 33836 | Depths:1 | Noticed the Enchantress
 33861 | Depths:1 | HP: 41/138 [spark wasp (15)]
 34116 | Spider:1 | Entered Level 1 of the Spider Nest
 34120 | Spider:1 | Noticed Aizul
 34175 | Lair:3   | Killed Aizul
 34681 | Spider:1 | Noticed Rupert
 34694 | Spider:1 | Noticed Agnes
 34725 | Spider:1 | HP: 35/139 [Agnes/+3 lajatang of electrocution (19)]
 34733 | Spider:1 | HP: 22/139 [redback (9)]
 34738 | Lair:3   | HP: 20/139 [redback (8)]
 35091 | Lair:3   | HP: 40/139 [Agnes/+3 lajatang of electrocution (14)]
 35094 | Lair:3   | Killed Agnes
 35679 | Swamp:1  | Entered Level 1 of the Swamp
 36316 | Swamp:2  | Reached skill level 17 in Fighting
 36320 | Swamp:2  | Found a runed translucent gate.
 36320 | Swamp:2  | Noticed a thorn hunter
 36321 | Swamp:2  | Found a runed translucent gate.
 36325 | Swamp:2  | Noticed a thorn hunter
 36327 | Swamp:2  | Noticed a thorn hunter
 36328 | Swamp:2  | Noticed swinepaste's ghost (journeyman DsMo)
 36386 | Swamp:2  | Found a runed translucent gate.
 37029 | Swamp:3  | Identified Roxanne's Tome of Earth
 37029 | Swamp:3  | Noticed Roxanne
 37655 | Swamp:3  | Reached skill level 1 in Evocations
 37917 | Swamp:3  | Gained mutation: You sometimes gain a little power by
                  | taking damage. [demonic ancestry]
 37917 | Swamp:3  | Reached XP level 17. HP: 148/148 MP: 27/27
 38144 | Swamp:4  | Entered Level 4 of the Swamp
 38344 | Swamp:4  | HP: 43/149 [swamp worm/harpoon shot (23)]
 39238 | Swamp:4  | Reached skill level 18 in Fighting
 39333 | Swamp:4  | Paralysed by a hornet for 3 turns
 39336 | Swamp:4  | HP: 46/149 [hornet[a shambling mangrove] (5)]
 39536 | Swamp:4  | Reached skill level 5 in Evocations
 39636 | Swamp:4  | HP: 49/150 [swamp drake (9)]
 39967 | Swamp:4  | Paralysed by a hornet for 1 turns
 40059 | Swamp:4  | Got a decaying rune of Zot
 40377 | Spider:1 | Identified a scroll of acquirement
 40399 | Spider:1 | Acquired the +2 hat of Tenacity {rN+ Dex+4}
 40401 | Spider:1 | Noticed Donald
 40411 | Spider:1 | Killed Donald
 40587 | Spider:1 | Killed Rupert
 41066 | Spider:2 | Noticed DarkTechnomancer's ghost (adept KoEE)
 41066 | Spider:2 | Found a runed translucent door.
 41612 | Spider:1 | HP: 35/144 [pharaoh ant (21)]
 41617 | Spider:1 | HP: 43/145 [poisoned by a redback]
 41841 | Spider:1 | Reached skill level 5 in Shields
 42375 | Spider:2 | Killed DarkTechnomancer's ghost
 42376 | Spider:2 | Gained mutation: Your movements are significantly less
                  | encumbered by armour. (ER -6) [demonic ancestry]
 42376 | Spider:2 | Reached XP level 18. HP: 157/159 MP: 28/28
 43808 | Spider:4 | Entered Level 4 of the Spider Nest
 44607 | Spider:3 | HP: 51/159 [poisoned by an emperor scorpion]
 44612 | Spider:3 | HP: 44/159 [poisoned by an emperor scorpion]
 44617 | Spider:3 | HP: 38/159 [poisoned by an emperor scorpion]
 44622 | Spider:3 | HP: 39/159 [poisoned by an emperor scorpion]
 45935 | Spider:4 | Reached skill level 10 in Shields
 46306 | Spider:4 | Got a gossamer rune of Zot
 46640 | Vaults:1 | Entered Level 1 of the Vaults
 46936 | Vaults:1 | Identified the +0 tower shield "Ywkew" {Drain rCorr Str-4
                  | Int+8}
 47222 | Vaults:1 | Gained mutation: You sometimes gain power by taking damage.
                  | [demonic ancestry]
 47222 | Vaults:1 | Reached XP level 19. HP: 75/165 MP: 29/29
 47400 | Vaults:1 | Found a magical portal.
 47406 | WizLab   | Entered Wucad Mu's Monastery
 47585 | WizLab   | Found the +9 staff of Wucad Mu {*channel}
 47633 | WizLab   | Reached skill level 19 in Fighting
 47633 | WizLab   | Gained mutation: Your hexes are more powerful. [demonic
                  | ancestry]
 47633 | WizLab   | Reached XP level 20. HP: 103/174 MP: 26/30
 47908 | Vaults:1 | Paralysed by a great orb of eyes for 5 turns
 48889 | Vaults:2 | Found a huge runed gate.
 48889 | Vaults:2 | Found a huge runed gate.
 48889 | Vaults:2 | Found a huge runed gate.
 48889 | Vaults:2 | Found a huge runed gate.
 48889 | Vaults:2 | Found a huge runed gate.
 48889 | Vaults:2 | Found a huge runed gate.
 48889 | Vaults:2 | Found a huge runed gate.
 48890 | Vaults:2 | Found a huge runed gate.
 48890 | Vaults:2 | Found a huge runed gate.
 48890 | Vaults:2 | Found a huge runed gate.
 48905 | Vaults:2 | Noticed Boris
 48906 | Vaults:2 | Found a huge runed gate.
 48906 | Vaults:2 | Found a huge runed gate.
 48906 | Vaults:2 | Found a huge runed gate.
 48906 | Vaults:2 | Found a huge runed gate.
 48906 | Vaults:2 | Found a huge runed gate.
 48954 | Vaults:2 | HP: 42/168 [something/bolt of cold (26)]
 48959 | Vaults:2 | HP: 37/168 [disintegration (9)]
 48965 | Vaults:2 | HP: 52/168 [something (16)]
 48972 | Vaults:2 | HP: 41/166 [something/bolt of cold (15)]
 49672 | Depths:1 | Found a gateway to Hell.
 49849 | Depths:1 | Killed the Enchantress
 49926 | Depths:1 | Reached skill level 20 in Fighting
 49998 | Depths:1 | Found an iron altar of Okawaru.
 50912 | Depths:2 | Noticed Mara
 50916 | Depths:2 | Noticed jjjjhere's illusion
 51087 | Depths:2 | Reached skill level 15 in Invocations
 51090 | Depths:2 | Found a one-way gate leading to the halls of Pandemonium.
 51158 | Depths:2 | Paralysed by a vampire knight for 2 turns
 51168 | Depths:1 | Paralysed by a vampire knight for 2 turns
 51189 | Depths:1 | Paralysed by something for 2 turns
 51190 | Depths:1 | HP: 42/176 [something (18)]
 51433 | Depths:2 | Reached skill level 1 in Throwing
 51744 | Depths:2 | Noticed jjjjhere's illusion
 51888 | Depths:1 | Paralysed by a vampire knight for 7 turns
 51899 | Depths:1 | HP: 32/178 [something (28)]
 52208 | Depths:2 | Noticed jjjjhere's illusion
 52235 | Depths:2 | Killed Mara
 53172 | Depths:3 | Gained mutation: Your melee attacks may debilitate your
                  | foes. [demonic ancestry]
 53172 | Depths:3 | Reached XP level 21. HP: 184/184 MP: 32/32
 53799 | Depths:3 | Found a one-way gate to the infinite horrors of the Abyss.
 54078 | Depths:3 | Found Nehe Ona's Distillery.
 54362 | Depths:3 | Noticed a golden dragon
 54375 | Depths:3 | Killed a golden dragon
 54554 | Depths:3 | Noticed a golden dragon
 54561 | Depths:3 | Killed a golden dragon
 54763 | Depths:3 | Noticed a caustic shrike
 54773 | Depths:3 | Killed a caustic shrike
 54779 | Depths:3 | Noticed a golden dragon
 54795 | Depths:3 | Killed a golden dragon
 54960 | Depths:4 | Entered Level 4 of the Depths
 54969 | Depths:4 | Noticed a juggernaut
 55000 | Depths:3 | Killed a juggernaut
 55369 | Depths:4 | Found Ybepn's Weapon Boutique.
 55371 | Depths:4 | Found Naofubra's Weapon Shop.
 55374 | Depths:4 | Found Sasset's Jewellery Boutique.
 55406 | Depths:4 | Reached skill level 5 in Throwing
 55728 | Depths:4 | Reached skill level 21 in Fighting
 55874 | Depths:4 | Found a one-way gateway to a ziggurat.
 56011 | Depths:4 | Reached skill level 15 in Armour
 56142 | Depths:4 | Found a gate to the Realm of Zot.
 56547 | Depths:4 | Voluntarily entered the Abyss.
 56595 | Abyss:2  | Gained mutation: You are frail. (-10% HP) [a neqoxec]
 56862 | Abyss:3  | Noticed an ancient lich
 56886 | Abyss:3  | Killed an ancient lich
 56892 | Abyss:3  | HP: 55/167 [large abomination (7)]
 56898 | Abyss:3  | HP: 45/167 [something (2)]
 57174 | Depths:4 | Escaped the Abyss
 57541 | Vaults:2 | Killed Boris
 57561 | Vaults:2 | Found a huge runed gate.
 57561 | Vaults:2 | Found a huge runed gate.
 57561 | Vaults:2 | Found a huge runed gate.
 57562 | Vaults:2 | Found a huge runed gate.
 57563 | Vaults:2 | Found a huge runed gate.
 57564 | Vaults:2 | Found a huge runed gate.
 57565 | Vaults:2 | Found a huge runed gate.
 57566 | Vaults:2 | Found a huge runed gate.
 57567 | Vaults:2 | Found a huge runed gate.
 57575 | Vaults:2 | Found a huge runed gate.
 57575 | Vaults:2 | Found a huge runed gate.
 57575 | Vaults:2 | Found a huge runed gate.
 57575 | Vaults:2 | Found a huge runed gate.
 57575 | Vaults:2 | Found a huge runed gate.
 57575 | Vaults:2 | Found a huge runed gate.
 57576 | Vaults:2 | Found a huge runed gate.
 58169 | Vaults:2 | Gained mutation: You are powered by pain. [demonic
                  | ancestry]
 58169 | Vaults:2 | Reached XP level 22. HP: 174/174 MP: 34/34
 58492 | Vaults:2 | Found a huge runed gate.
 58493 | Vaults:2 | Found a huge runed gate.
 58502 | Vaults:2 | Found a huge runed gate.
 58541 | Vaults:2 | Found a huge runed gate.
 58541 | Vaults:2 | Found a huge runed gate.
 58848 | Vaults:3 | Identified the +1 ring mail "Amun" {-Cast rElec rN++
                  | Regen+}
 59650 | Vaults:3 | Found a staircase to the Crypt.
 59650 | Vaults:3 | Found a basalt altar of Yredelemnul.
 59651 | Vaults:3 | Found an ancient bone altar of Kikubaaqudgha.
 59736 | Vaults:3 | You fall into a shaft and drop 1 floor!
 59759 | Vaults:4 | Reached skill level 22 in Fighting
 59802 | Vaults:4 | Found a portal to a secret trove of treasure.
 60951 | Vaults:4 | Found Vuetous's Magic Scroll Emporium.
 61862 | Vaults:5 | Entered Level 5 of the Vaults
 61862 | Vaults:5 | Noticed a golden dragon
 62018 | Vaults:4 | Reached skill level 10 in Throwing
 62198 | Vaults:4 | Killed a golden dragon
 62553 | Vaults:4 | Reached XP level 23. HP: 178/178 MP: 35/35
 63054 | Vaults:5 | Identified the ring "Jaromeym" {rElec rF+++ Will+ Str-3
                  | SInv}
 63196 | Vaults:5 | Identified the ring of the Twisting Queen {rC+ Will+}
 63288 | Vaults:5 | Noticed a dread lich
 63308 | Vaults:5 | Killed a dread lich
 63470 | Vaults:5 | Found the +3 hat of Pondering {ponderous, Will+ MP+10
                  | Int+5}
 63570 | Vaults:5 | Identified the ring "Ixkojul" {rC+ Dex+6}
 63613 | Vaults:5 | Reached skill level 23 in Fighting
 63790 | Vaults:5 | Found Viank's Distillery.
 64090 | Vaults:5 | Bought a potion of curing for 33 gold pieces
 64090 | Vaults:5 | Bought 2 potions of curing for 66 gold pieces
 64090 | Vaults:5 | Bought 2 potions of heal wounds for 110 gold pieces
 64090 | Vaults:5 | Bought a potion of haste for 110 gold pieces
 64090 | Vaults:5 | Bought a potion of magic for 88 gold pieces
 64090 | Vaults:5 | Bought a potion of cancellation for 88 gold pieces
 64426 | Vaults:5 | Got a silver rune of Zot
 65005 | Vaults:1 | HP: 40/175 [phantasmal warrior (39)]
 65431 | Depths:3 | Voluntarily entered the Abyss.
 65495 | Abyss:1  | Found a corrupted altar of Lugonu.
 65540 | Abyss:1  | Found a corrupted altar of Lugonu.
 65594 | Abyss:1  | HP: 29/175 [Hell Sentinel/damnation (42)]
 65599 | Abyss:1  | HP: 38/175 [Hell Sentinel (8)]
 65602 | Abyss:1  | Killed from afar by a Hell Sentinel

Illustrated notes

Levels and vault maps discovered:
D:1:      dpeg_arrival_long_road, layout_basic, serial_bayou_lake_a
D:2:      layout_rooms, serial_curves, eino_curves_02, eino_curves_02,
          eino_curves_03, kennysheep_path_1, uniq_crazy_yiuf_cottage
D:3:      layout_loops_ring, hex_tiny, fountainhead, moated_statue,
          supply_closet_lemuel, minmay_fractal_squares_5, uniq_sigmund
D:4:      layout_loops_ring
D:5:      layout_loops_corners
D:6:      layout_loops_corners, overflow_temple_1_default
D:7:      layout_gridville, minmay_temple_entry_crystal_x
D:8:      layout_rooms
D:9:      layout_loops_ring
D:10:     layout_roguey, chequers_big_river, minmay_between, uniq_maggie,
          uniq_urug, uniq_psyche
D:11:     minmay_polygon_palace, layout_long_grid, erik_lair_orcish_takeover
D:12:     layout_cave_pools, hiddenorc2_lemuel, serial_glass, glass_columns_a,
          glass_columns_a, glass_columns_a, glass_columns_b, glass_columns_a,
          glass_columns_b, glass_columns_a, glass_columns_c, glass_columns_a,
          glass_columns_b, uniq_azrael
D:13:     layout_basic, minmay_gold_behind_fungi
D:14:     layout_loops_ring, skrybe_vaults_entry_preservation, serial_aquarium,
          aquarium_bridge_straight [aquarium_subvault_bridge,
          aquarium_subvault_window, aquarium_subvault_bridge,
          aquarium_subvault_window], aquarium_bridge_square
          [aquarium_subvault_bridge, aquarium_subvault_wall,
          aquarium_subvault_window, aquarium_subvault_wall],
          aquarium_window_corridor_1, aquarium_window_fake, aquarium_window_1,
          aquarium_window_1, aquarium_view_2d, aquarium_view_2b,
          nicolae_twisting_strands
D:15:     hangedman_depths_entry_try_elsewhere_first, layout_loops_ring,
          nicolae_hepliaklqana_hippocampus
Temple:   mainiacjoe_temple_archimedes_tessellation
Lair:1:   layout_regular_city, uniq_gastronok
Lair:2:   layout_gridlike, grunt_megastairs_2
Lair:3:   layout_chaotic_city, minmay_swamp_entry_reptiles,
          nicolae_spider_entry_tight_spaces
Lair:4:   layout_long_grid, special_room [special_room_mythical_zoo],
          disabler_island
Lair:5:   layout_cave_pods, chequers_serial_rivers_room_a,
          nicolae_quartered_pool_super, grunt_megastairs_5, lemuel_fruit_fields,
          uniq_josephine
Lair:6:   minmay_lair_end_frog_pond, layout_layer_cave, dpeg_slime_entry_corner,
          gauntlet_entry_generic
Swamp:1:  layout_basic_swamp, nicolae_swamp_dense_foliage
Swamp:2:  layout_basic_swamp, gammafunk_ghost_split, evilmike_swamp_ruin_house_1
Swamp:3:  layout_basic_swamp, evilmike_swamp_ruin_rubble_1, swamp_pool4,
          hangedman_swamp_ravenous, infiniplex_staircase_pool, uniq_roxanne
Swamp:4:  swamp_basic_johnstein, layout_basic_swamp, nicolae_swamp_some_circles
Spider:1: layout_spider_delve, guppyfry_spider_mini_1,
          hangedman_spider_tarantella_strand, uniq_aizul, uniq_donald,
          uniq_agnes, uniq_rupert
Spider:2: layout_spider_delve, hellmonk_ghost_happy_afterlife,
          nicolae_spider_baby_got_redback
Spider:3: layout_spider_delve, nicolae_spider_bug_shape
Spider:4: floodkiller_spider_rune_tomb, guppyfry_spider_mini_2
Orc:1:    layout_diamond_mine, nicolae_volcano_entry_lava_flow, uniq_nergalle
Orc:2:    st_orc_mages, layout_caves, basic_altar
Vaults:1: infiniplex_enter_wizlab_spiral, v_misc_28, nicolae_vaults_triangles,
          v_misc_22, v_misc_15, vaults_dpeg_ring, vaults_dpeg_hooks,
          vaults_room_grid, v_pattern_1, vaults_room_semicircle,
          layout_vaults_big_room
Vaults:2: ontoclasm_vaults_fault, door_vault, nicolae_vaults_network_quincunx
          [nicolae_vaults_network_quincunx_subvault,
          nicolae_vaults_network_quincunx_subvault,
          nicolae_vaults_network_quincunx_subvault,
          nicolae_vaults_network_quincunx_subvault,
          nicolae_vaults_network_quincunx_subvault], ontoclasm_vaults_gateway,
          nicolae_vaults_stairing_the_circle, v_misc_8,
          nicolae_vaults_circle_grid_b, v_misc_27, v_misc_12, vaults_dpeg_cross,
          grunt_vaults_focal, v_alt_pattern_3,
          nicolae_vaults_windows_and_doors_thing, ontoclasm_vaults_chip,
          layout_vaults_maze_snakey, uniq_boris
Vaults:3: vaults_room_fancy_cross, v_misc_33, v_misc_30, v_misc_30,
          minmay_crypt_entry_necro_gods, v_misc_5, hangedman_vaults_stream,
          vaults_room_pool, nicolae_vaults_diagonal_hallway_9,
          nicolae_vaults_little_squares_1, hangedman_vaults_unwind,
          vaults_room_pool, layout_vaults_ring
Vaults:4: nicolae_vaults_diagonal_hallway_8, nicolae_vaults_angled_halls,
          v_alt_pattern_6, grunt_vaults_swirl, nicolae_vaults_network_periphery,
          st_smaller_cells, vaults_room_corners, dpeg_vaults_monster_box,
          layout_vaults_omnigrid, enter_trove_0, serial_shops,
          nicolae_shop_behind_doors
Vaults:5: serial_shops
Depths:1: layout_honeycomb, nicolae_elyvilon_peaceful_grove, hellmouth_2,
          okawaru_gym_becter, minmay_shoptagon, uniq_enchantress
Depths:2: minmay_angry_zag, layout_gridlike, hell_entry, pan_entry, nrook_uturn,
          tso_altar, uniq_mara
Depths:3: cell_vault, layout_basic, hell_entry, abyss_entry, pan_entry,
          serial_shops, kennysheep_mini, serial_bayou_shore_a,
          minmay_staircase_windowed_large
Depths:4: grunt_zot_entry_alcove, layout_cave_shapes, enter_ziggurat_b,
          abyss_entry, hell_entry, hangedman_decor_cross_pass, minmay_shop_star
Abyss:1:  base: Vaults:5, base:
Volcano

Skill      XL: |  1  2  3  4  5  6  7  8  9 10 11 12 13 14 15 16 17 18 19 20 21 22 23 |
---------------+----------------------------------------------------------------------+-----
Axes           | 2 4 5 7 8 10 12 | 12.2
Shields        | 3 5 12 14 | 14.2
Fighting       | 4 5 7 8 10 11 13 14 16 17 18 19 20 21 22 23 | 23.4
Invocations    | 4 9 12 14 15 16 | 16.6
Polearms       | 2 6 9 |  9.2
Armour         | 4 8 10 12 13 14 15 17 | 17.9
Dodging        | 3 7 9 10 | 10.3
Evocations     | 1 7 8 |  8.0
Throwing       | 2 7 10 12 | 12.0

Action                   |  1- 3 |  4- 6 |  7- 9 | 10-12 | 13-15 | 16-18 | 19-21 | 22-24 || total
-------------------------+-------+-------+-------+-------+-------+-------+-------+-------++-------
Melee: War axe           |   130 |   120 |   380 |   185 |       |       |       |       ||   815
       Lance             |       |       |       |   689 |  2327 |  2910 |  2360 |  1577 ||  9863
Throw: Javelin           |       |       |       |     7 |     2 |     1 |     1 |       ||    11
Invok: Minor Destruction |       |       |       |    40 |    24 |       |       |       ||    64
       Lesser Servant of |       |       |       |       |    10 |     3 |     7 |     5 ||    25
       Greater Servant o |       |       |       |       |       |     5 |     3 |     1 ||     9
       Major Destruction |       |       |       |       |       |       |     1 |       ||     1
Evoke: Wand              |       |       |       |     6 |       |     2 |       |       ||     8
       Condenser vane    |       |       |       |       |       |     1 |     3 |     2 ||     6
  Use: Potion            |     1 |       |     3 |     1 |       |     2 |     6 |     2 ||    15
       Scroll            |       |       |    14 |    13 |       |    12 |    10 |     2 ||    51
 Stab: Distracted        |       |       |       |       |     7 |     1 |     2 |     2 ||    12
Armor: Scale mail        |    35 |       |       |       |       |       |       |       ||    35
       Plate armour      |    70 |    71 |   203 |   306 |   508 |   964 |   317 |       ||  2439
       Skin              |       |       |    14 |    12 |       |       |       |       ||    26
       Gold dragon scale |       |       |       |       |       |       |   390 |   596 ||   986
Dodge: Dodged            |    45 |    56 |   171 |   244 |   872 |  2069 |  1050 |   644 ||  5151
Block: Buckler           |    29 |    25 |    70 |   158 |   335 |   260 |       |       ||   877
       Kite shield       |       |       |       |       |       |   734 |  1094 |   929 ||  2757
